 Dungeon Crawl Stone Soup version 0.19-a0-981-gaae9137 (webtiles) character file.

117 matakusis the Ducker (level 4, -3/34 HPs)
             Began as a Demonspawn Gladiator on July 14, 2016.
             Slain by an orc priest (4 damage)
             ... on level 3 of the Dungeon.
             The game lasted 00:05:10 (2188 turns).

matakusis the Ducker (Demonspawn Gladiator)         Turns: 2188, Time: 00:05:11

Health: -3/34      AC:  3    Str: 15    XL:     4   Next: 71%
Magic:  4/4        EV: 14    Int: 10    God:
Gold:   88         SH:  0    Dex: 14    Spells: 0 memorised, 3 levels left

rFire  . . .     SeeInvis .     a - +0 long sword
rCold  . . .     Gourm    .     b - +0 leather armour
rNeg   . . .     Faith    .     (no shield)
rPois  .         Spirit   .     (helmet restricted)
rElec  .         Dismiss  .     (no cloak)
rCorr  .         Reflect  .     (no gloves)
SustAt .         Harm     .     (no boots)
MR     .....                    (no amulet)
Stlth  +.........               (no ring)
                                (no ring)

@: not resistant to hostile enchantments, very unstealthy
A: antennae 1
a: no special abilities


You were on level 3 of the Dungeon.
You were not hungry.

You visited 1 branch of the dungeon, and saw 3 of its levels.

You collected 88 gold pieces.

Inventory:

Hand Weapons
 a - a +0 long sword (weapon)
Missiles
 d - 2 throwing nets (quivered)
Armour
 b - a +0 leather armour (worn)
Scrolls
 e - 2 scrolls of blinking {unknown}
 g - a scroll of magic mapping {unknown}
 i - a scroll of remove curse {unknown}
 k - a scroll of random uselessness {unknown}
 l - 4 scrolls of identify {unknown}
 m - a scroll of fear {unknown}
 n - a scroll of enchant armour {unknown}
Potions
 h - 2 potions of agility {unknown}
 j - a potion of lignification {unknown}
Comestibles
 c - 5 chunks of flesh
 f - a bread ration


   Skills:
 * Level 2.8 Fighting
 + Level 3.1 Long Blades
 - Level 1.7 Throwing
 * Level 4.3 Dodging


You had 3 spell levels left.
You didn't know any spells.

Dungeon Overview and Level Annotations

Branches:
Dungeon (3/15)

Altars:
Elyvilon
Vehumet


Innate Abilities, Weirdness & Mutations

You have a pair of small antennae on your head.


Message History

The orc hits you but does no damage. The orc priest hits you.
* * * LOW HITPOINT WARNING * * *
You hit the orc priest but do no damage.
The orc priest is almost dead.
The orc hits you with a dagger.
* * * LOW HITPOINT WARNING * * *
The orc priest miscasts a cantrip.
You hit the orc priest.
The orc priest is almost dead.
The orc misses you.
You riposte.
You hit the orc but do no damage.
The orc priest invokes the aid of Beogh against you.
Pain shoots through your body!
* * * LOW HITPOINT WARNING * * *
The orc completely misses you.
You hit the orc priest but do no damage.
The orc priest is almost dead.
The orc priest hits you.
* * * LOW HITPOINT WARNING * * *
The orc hits you but does no damage. The orc priest hits you.
You die...

§...#...# .§§##...# ###
...##...# #.> #.###...#
#.# #.###...### #.######
#.........######.......
###.##.##.##.......###
###.##.##.##)##......#
..........##.###@).#...
..#..##.......ro#o.####.#
.....##.#.##.##.#.......#
..........##.##.##.######
.......##.##.... .#
##.#.#.##)#####. ##
##........# ..
..........# ..
###.......#


You could see an orc priest, an orc and a rat.

Vanquished Creatures
  Terence (D:3)
  A gnoll (D:1)
  3 adders (D:2)
  2 oozes
  A giant gecko (D:2)
  3 orcs (D:3)
  2 giant cockroaches (D:1)
  A goblin (D:3)
  4 hobgoblins
  4 jackals (D:1)
  4 quokkas
  A ball python (D:3)
  5 bats (D:2)
  7 kobolds
  5 rats
44 creatures vanquished.

Notes
Turn   | Place    | Note
-------+----------+-------------------------------------------
     0 | D:1      | matakusis the Demonspawn Gladiator began the quest for the Orb.
     0 | D:1      | Reached XP level 1. HP: 16/16 MP: 1/1
   410 | D:1      | Reached skill level 3 in Dodging
   436 | D:1      | Gained mutation: You have a pair of small antennae on your head. [demonic ancestry]
   436 | D:1      | Reached XP level 2. HP: 22/22 MP: 2/2
  1054 | D:2      | Found a white marble altar of Elyvilon.
  1097 | D:2      | Reached XP level 3. HP: 27/27 MP: 3/3
  1475 | D:2      | Reached XP level 4. HP: 21/34 MP: 4/4
  1810 | D:3      | Found a radiant altar of Vehumet.
  1810 | D:3      | Noticed Terence
  1829 | D:3      | Killed Terence
  1829 | D:3      | Reached skill level 4 in Dodging
  2188 | D:3      | HP: 1/34 [orc priest (3)]
  2188 | D:3      | Slain by an orc priest

Vault maps used:
D:1:      lemuel_arrival_room
D:2:      elyvilon_altar_4
D:3:      fiery_altar_vehumet, uniq_terence

Skill      XL: |  1  2  3  4 |
---------------+-------------+-----
Dodging        | 3 4 |  4.3
Long Blades    | 3 |  3.1
Fighting       | |  2.8
Throwing       | |  1.7

Action                   |  1- 3 |  4- 6 || total
-------------------------+-------+-------++-------
Melee: Long sword        |   136 |    57 ||   193
Throw: Throwing net      |       |     2 ||     2
 Stab: Sleeping          |     2 |       ||     2
  Eat: Chunk             |     2 |     2 ||     4
Armor: Leather armour    |    37 |     7 ||    44
Dodge: Dodged            |    93 |    38 ||   131
